 Dungeon Crawl Stone Soup version 0.30.0-10-gfe55d96785 (webtiles) character file.

Game seed: 11020474253812252696

7639 qw the Cleaver (level 11, -4/71 HPs)
             Began as a Gargoyle Cinder Acolyte on May 16, 2023.
             Was a Follower of Ignis.
             Slain by an elephant (13 damage)
             ... on level 1 of the Lair of Beasts.
             The game lasted 00:04:41 (7333 turns).

qw the Cleaver (Gargoyle Cinder Acolyte)            Turns: 7333, Time: 00:04:41

Health: -4/71      AC: 35    Str: 26    XL:     11   Next: 18%
Magic:  12/12      EV:  7    Int: 14    God:    Ignis [*.....]
Gold:   512        SH:  4    Dex:  4    Spells: 12/12 levels left

rFire   + . .        p - +0 war axe
rCold   + . .        s - +0 buckler
rNeg    + . .        t - +0 plate armour
rPois   inf          h - +0 helmet
rElec   +            f - +0 cloak
rCorr   .            u - +1 pair of gloves
SInv    +            g - +0 pair of boots
Will    .....        k - amulet of regeneration Stlth
                     d - ring of see invisible
HPRegen 1.11/turn    m - ring of protection from cold
MPRegen 0.13/turn

%: no passive effects
@: fiery-armoured
A: sickness immunity, AC +8, negative energy resistance 1, electricity
resistance, torment resistance 1, petrification resistance, screaming 1, strong
1
a: Renounce Religion, Fiery Armour, Foxfire Swarm, Rising Flame


You were on level 1 of the Lair of Beasts.
You worshipped Ignis.
Ignis was aware of your devotion.
You visited 2 branches of the dungeon, and saw 10 of its levels.

You collected 692 gold pieces.
You spent 180 gold pieces at shops.


Innate Abilities, Weirdness & Mutations

You are immune to sickness and miasma.
Your stone body is resilient. (AC +8)
You are immune to poison.
You resist negative energy. (rN+)
You are resistant to electric shocks. (rElec)
You are resistant to unholy torment.
You are immune to petrification.
You occasionally shout uncontrollably at your foes.
Your muscles are strong. (Str +4, Int/Dex -1)


   Skills:
 - Level 9.2 Fighting
 + Level 11.0 Axes
 - Level 1.0 Throwing
 - Level 9.0 Armour
 - Level 5.0 Shields
 - Level 1.0 Spellcasting
 - Level 3.0 Fire Magic


You had 12 spell levels left.
You didn't know any spells.
Your spell library contained the following spells:

 Spells                   Type           Power      Damage    Failure   Level
 Scorch                   Fire           18%        2d5       80%         2

Inventory:

Hand Weapons
 a - a -1 hand axe of flaming
 p - a +0 war axe (weapon)
Missiles
 o - a boomerang (quivered)
Armour
 f - a +0 cloak (worn)
 g - a +0 pair of boots (worn)
 h - a +0 helmet (worn)
 s - a +0 buckler (worn)
 t - a +0 plate armour (worn)
 u - a +1 pair of gloves (worn)
Jewellery
 d - a ring of see invisible (left hand)
 i - a ring of positive energy
 k - an amulet of regeneration (around neck)
 l - a ring of positive energy
 m - a ring of protection from cold (right hand)
Wands
 e - a wand of digging (16)
Scrolls
 b - a scroll of identify
Potions
 j - 2 potions of haste
 n - a potion of berserk rage {unknown}
 q - a potion of curing
 w - a potion of mutation

Dungeon Overview and Level Annotations

Branches:
Dungeon (9/15)             Temple (0/1) D:5            Lair (1/5) D:9
    Orc: D:9-12

Altars:
Hepliaklqana
Makhleb
Nemelex Xobeh
Okawaru
Qazlal
Ru
Sif Muna
Wu Jian
Zin

Shops:
D:4 [   D:5 =

Annotations:
D:8 2 transporters
D:9 2 runed translucent doors


Message History

The elephant tramples you but does no damage.
The elephant is burned by your cloak of flames.
You kill the elephant!
The elephant splashes around in the water. x2
Your Armour skill increases to level 9!
7332 ||| Stepping ~*~*~tactically~*~*~ (water).
The elephant attacks as you move away!
The elephant tramples you but does no damage.
The elephant trunk-slaps you but does no damage.
The elephant tramples you.
You hold your ground!
The elephant is burned by your cloak of flames.
The elephant is lightly wounded.
The elephant trunk-slaps you but does no damage.
The elephant is burned by your cloak of flames.
The elephant is lightly wounded.
You block the elephant's attack.
The elephant trunk-slaps you but does no damage.
The elephant tramples you but does no damage.
The elephant is burned by your cloak of flames.
The elephant is heavily wounded.
You block the elephant's attack.
The elephant tramples you but does no damage.
The elephant is burned by your cloak of flames.
The elephant is severely wounded.
The elephant trunk-slaps you but does no damage.
You hit the elephant.
The elephant is almost dead.
You hit the elephant but do no damage. You hit the elephant.
You slash the elephant! You hit the elephant but do no damage.
You hit the elephant. The elephant barely misses you.
The elephant trunk-slaps you but does no damage.
The elephant tramples you but does no damage.
The elephant is burned by your cloak of flames.
The elephant is moderately wounded.
The elephant trunk-slaps you but does no damage.
The elephant splashes around in the water.
The elephant trunk-slaps you but does no damage.
The elephant tramples you!
You die...

## #......
##~##.......
##.~~.........
##~.~~~~~......
#.~~~~~~~~~...
#.~~~~~~~~~.#
##~~~~..~~~~.#
#..~~~~YY~~~~#
#.^~~~~@Y~~~~#
...~~~~YYY~~~.#
.....~~~~~~~~.#
.....~~~~~~~.##
............##
......#######
.....P ...## .#


You could see 6 elephants.

Vanquished Creatures
  Pikel (D:9)
  Maurice (D:9)
  3 elephants (Lair:1)
  Maggie (D:6)
  A komodo dragon (D:8)
  A troll (D:8)
  A hornet (D:9)
  2 wyverns (D:9)
  A yak (D:9)
  Eustachio (D:6)
  An ice beast (D:6)
  5 orc warriors
  2 sky beasts (D:7)
  2 black bears
  2 centaurs
  2 phantoms
  An ogre (D:5)
  A kobold brigand (D:8)
  2 bullfrogs
  3 scorpions
  7 wights
  16 killer bees
  2 howler monkeys
  2 hounds
  4 jellies
  7 orc priests
  A gnoll bouda (D:5)
  9 iguanas
  Terence (D:2)
  2 sleepcaps (D:6)
  Natasha (thrice) (D:3)
  13 orc wizards
  Robin (D:2)
  9 adders
  8 gnolls
  An ufetubus (D:6)
  3 worms
  4 dart slugs
  29 orcs
  10 endoplasms
  5 giant cockroaches
  17 goblins
  15 hobgoblins
  4 quokkas
  5 ball pythons
  4 bats
  7 frilled lizards
  13 kobolds
  9 rats
245 creatures vanquished.

Notes
Turn   | Place    | Note
-------+----------+-------------------------------------------
     0 | D:1      | qw the Gargoyle Cinder Acolyte began the quest for the Orb.
     0 | D:1      | Reached XP level 1. HP: 14/14 MP: 2/2
     0 | D:1      | 0 ||| qw: Version: 0.2-a-94-gb5d2a68
     0 | D:1      | 0 ||| qw: Game counter: 64
     0 | D:1      | 0 ||| qw: Always use a shield: true
     0 | D:1      | 0 ||| qw: God list: Okawaru
     0 | D:1      | 0 ||| qw: Allow faded altars: false
     0 | D:1      | 0 ||| qw: Do Orc after D:15 true
     0 | D:1      | 0 ||| qw: Do second Lair branch before Depths: true
     0 | D:1      | 0 ||| qw: Lair rune preference: random
     0 | D:1      | 0 ||| qw: Plans: Normal
     0 | D:1      | 0 ||| PLANNING D:1-11
    23 | D:1      | 23 ||| Stepping ~*~*~tactically~*~*~ (stealth).
    41 | D:1      | Reached skill level 3 in Axes
    41 | D:1      | 41 ||| Stepping ~*~*~tactically~*~*~ (stealth).
    79 | D:1      | 79 ||| Stepping ~*~*~tactically~*~*~ (hiding).
    80 | D:1      | 80 ||| Stepping ~*~*~tactically~*~*~ (hiding).
   235 | D:1      | Reached XP level 2. HP: 12/19 MP: 3/3
   270 | D:1      | 270 ||| Stepping ~*~*~tactically~*~*~ (hiding).
   271 | D:1      | 271 ||| Stepping ~*~*~tactically~*~*~ (hiding).
   272 | D:1      | 272 ||| Stepping ~*~*~tactically~*~*~ (hiding).
   478 | D:1      | 478 ||| INVOKING Fiery Armour.
   483 | D:1      | HP: 4/19 [worm (6)]
   597 | D:1      | Reached XP level 3. HP: 23/23 MP: 4/4
   758 | D:1      | 758 ||| Stepping ~*~*~tactically~*~*~ (stealth).
   807 | D:1      | 807 ||| Stepping ~*~*~tactically~*~*~ (stealth).
   821 | D:1      | 821 ||| Stepping ~*~*~tactically~*~*~ (stealth).
   823 | D:1      | 823 ||| Stepping ~*~*~tactically~*~*~ (stealth).
   825 | D:1      | 825 ||| Stepping ~*~*~tactically~*~*~ (stealth).
  1056 | D:1      | 1056 ||| UPGRADING to +0 leather armour.
  1066 | D:1      | 1066 ||| DROPPING +0 robe.
  1067 | D:1      | 1067 ||| UPGRADING to +0 pair of boots.
  1072 | D:1      | 1072 ||| UPGRADING to amulet of regeneration.
  1077 | D:1      | 1077 ||| UPGRADING to ring of positive energy.
  1078 | D:1      | 1078 ||| UPGRADING to ring of positive energy.
  1079 | D:1      | 1079 ||| UPGRADING to ring of protection from cold.
  1081 | D:1      | 1081 ||| READING 3 scrolls labelled OPIAXTOOWK.
  1082 | D:1      | 1082 ||| READING scroll labelled ZITZOZ PEIRAATEZ.
  1083 | D:1      | 1083 ||| READING scroll labelled POAPEI MULAI.
  1087 | D:1      | 1087 ||| READING scroll labelled VUTANWIYSM.
  1088 | D:1      | 1088 ||| READING scroll labelled TAYNNIWYRE.
  1089 | D:1      | 1089 ||| DROPPING 2 scrolls of magic mapping.
  1118 | D:2      | 1118 ||| Stepping ~*~*~tactically~*~*~ (stealth).
  1159 | D:2      | 1159 ||| Stepping ~*~*~tactically~*~*~ (stealth).
  1167 | D:2      | Reached skill level 1 in Throwing
  1269 | D:2      | 1269 ||| Stepping ~*~*~tactically~*~*~ (stealth).
  1270 | D:2      | 1270 ||| Stepping ~*~*~tactically~*~*~ (stealth).
  1276 | D:2      | 1276 ||| Stepping ~*~*~tactically~*~*~ (hiding).
  1277 | D:2      | 1277 ||| Stepping ~*~*~tactically~*~*~ (hiding).
  1454 | D:2      | Reached skill level 4 in Axes
  1462 | D:2      | 1462 ||| Stepping ~*~*~tactically~*~*~ (stealth).
  1474 | D:2      | Reached XP level 4. HP: 28/28 MP: 5/5
  1479 | D:2      | 1479 ||| Stepping ~*~*~tactically~*~*~ (stealth).
  1484 | D:2      | 1484 ||| INVOKING Fiery Armour.
  1484 | D:2      | Noticed Robin
  1505 | D:2      | Killed Robin
  1525 | D:2      | 1525 ||| Stepping ~*~*~tactically~*~*~ (stealth).
  1559 | D:2      | 1559 ||| SWAPPING to +2 heavy hand axe.
  1569 | D:2      | Reached XP level 5. HP: 32/32 MP: 6/6
  1572 | D:2      | Noticed Terence
  1582 | D:2      | Killed Terence
  1583 | D:2      | Reached skill level 5 in Axes
  1648 | D:2      | Found a faded altar of an unknown god.
  1792 | D:2      | 1792 ||| Stepping ~*~*~tactically~*~*~ (stealth).
  1878 | D:2      | 1878 ||| UPGRADING to +0 pair of gloves.
  1883 | D:2      | 1883 ||| UPGRADING to +0 cloak.
  1888 | D:2      | 1888 ||| UPGRADING to +0 helmet.
  1893 | D:2      | 1893 ||| UPGRADING to +0 scale mail.
  1903 | D:2      | 1903 ||| DROPPING +0 leather armour.
  1904 | D:2      | 1904 ||| UPGRADING to +0 buckler.
  1909 | D:2      | 1909 ||| READING 2 scrolls of identify.
  1909 | D:2      | 1909 ||| IDENTIFYING brown potion
  1910 | D:2      | 1910 ||| DROPPING potion of attraction.
  1975 | D:3      | Noticed Natasha
  1976 | D:3      | 1976 ||| Stepping ~*~*~tactically~*~*~ (hiding).
  1994 | D:3      | Killed Natasha
  1995 | D:3      | Reached skill level 1 in Shields
  2088 | D:3      | Found an iron altar of Okawaru.
  2092 | D:3      | Reached skill level 1 in Armour
  2148 | D:3      | Noticed Natasha
  2149 | D:3      | 2149 ||| Stepping ~*~*~tactically~*~*~ (hiding).
  2150 | D:3      | 2150 ||| Stepping ~*~*~tactically~*~*~ (hiding).
  2159 | D:3      | Killed Natasha
  2160 | D:3      | Reached XP level 6. HP: 31/37 MP: 7/7
  2195 | D:3      | Noticed Natasha
  2204 | D:3      | Killed Natasha
  2374 | D:3      | 2374 ||| UPGRADING to +1 pair of gloves.
  2384 | D:3      | 2384 ||| DROPPING +0 pair of gloves.
  2385 | D:3      | 2385 ||| READING scroll labelled VUSUETW XAPNUR.
  2386 | D:3      | 2386 ||| READING scroll labelled SOETAGG KOIL.
  2523 | D:4      | 2523 ||| INVOKING Fiery Armour.
  2526 | D:4      | Reached XP level 7. HP: 25/43 MP: 8/8
  2527 | D:4      | Reached skill level 6 in Axes
  2543 | D:4      | Found Ziefuale's Armour Emporium.
  2555 | D:4      | 2555 ||| SHOPLISTING +0 pair of boots of Koycze {Harm +Inv
                  | rPois Dex+4} (435 gold, have 194).
  2714 | D:4      | 2714 ||| Stepping ~*~*~tactically~*~*~ (stealth).
  2749 | D:4      | Found a glowing silver altar of Zin.
  2749 | D:4      | Noticed an angel
  2754 | D:4      | Found an ornate altar of the Wu Jian Council.
  2825 | D:4      | Reached skill level 3 in Armour
  2833 | D:4      | 2833 ||| DROPPING amulet of magic regeneration.
  2834 | D:4      | 2834 ||| READING scroll labelled RURUENUGIMI.
  2841 | D:4      | 2841 ||| DRINKING 2 grey potions.
  2842 | D:4      | 2842 ||| DRINKING 2 purple potions.
  2843 | D:4      | 2843 ||| DRINKING 2 bubbling pink potions.
  2844 | D:4      | 2844 ||| DROPPING potion of invisibility.
  2845 | D:4      | 2845 ||| DROPPING potion of flight.
  2858 | D:5      | Entered Level 5 of the Dungeon
  2873 | D:5      | 2873 ||| Stepping ~*~*~tactically~*~*~ (stealth).
  2874 | D:5      | 2874 ||| Stepping ~*~*~tactically~*~*~ (stealth).
  2875 | D:5      | 2875 ||| Stepping ~*~*~tactically~*~*~ (stealth).
  2877 | D:5      | 2877 ||| Stepping ~*~*~tactically~*~*~ (stealth).
  2879 | D:5      | 2879 ||| Stepping ~*~*~tactically~*~*~ (stealth).
  2883 | D:5      | 2883 ||| INVOKING Fiery Armour.
  2886 | D:5      | Reached skill level 3 in Shields
  2914 | D:5      | 2914 ||| Stepping ~*~*~tactically~*~*~ (hiding).
  3009 | D:5      | Found a staircase to the Ecumenical Temple.
  3022 | D:5      | Found Muteg's Jewellery Emporium.
  3036 | D:5      | Reached XP level 8. HP: 48/48 MP: 9/9
  3037 | D:5      | 3037 ||| SHOPLISTING +4 ring of protection (432 gold, have
                  | 215).
  3037 | D:5      | 3037 ||| SHOPLISTING +6 ring of dexterity (432 gold, have
                  | 215).
  3037 | D:5      | 3037 ||| SHOPLISTING amulet of reflection (360 gold, have
                  | 215).
  3037 | D:5      | 3037 ||| BUYING ring of see invisible (180 gold).
  3037 | D:5      | Bought a ring of see invisible for 180 gold pieces
  3037 | D:5      | 3037 ||| SHOPLISTING ring of willpower (300 gold, have 35).
  3179 | D:5      | Reached skill level 7 in Axes
  3191 | D:5      | Found a stormy altar of Qazlal.
  3616 | D:5      | Found a faded altar of an unknown god.
  3616 | D:5      | Found the Hermit's Pendant {Faith Invo=14 Evo=0 MP+5}
  3618 | D:5      | 3618 ||| Stepping ~*~*~tactically~*~*~ (hiding).
  3823 | D:5      | 3823 ||| UPGRADING to +0 chain mail.
  3833 | D:5      | 3833 ||| DROPPING +0 scale mail.
  3834 | D:5      | 3834 ||| DROPPING amulet of guardian spirit.
  3835 | D:5      | 3835 ||| UPGRADING to ring of see invisible.
  3837 | D:5      | 3837 ||| DROPPING ring of flight.
  3838 | D:5      | 3838 ||| DRINKING 2 lumpy white potions.
  3875 | D:5      | 3875 ||| DRINKING 2 sedimented orange potions.
  3875 | D:5      | Gained mutation: You occasionally shout uncontrollably at
                  | your foes. [potion of mutation]
  3875 | D:5      | Gained mutation: Your muscles are strong. (Str +4, Int/Dex
                  | -1) [potion of mutation]
  3876 | D:5      | 3876 ||| READING 3 scrolls of identify.
  3876 | D:5      | 3876 ||| IDENTIFYING yellow potion
  3877 | D:5      | 3877 ||| READING 2 scrolls of identify.
  3877 | D:5      | 3877 ||| IDENTIFYING coppery potion
  3878 | D:5      | 3878 ||| DROPPING potion of lignification.
  3879 | D:5      | 3879 ||| DROPPING potion of magic.
  3908 | D:6      | 3908 ||| Stepping ~*~*~tactically~*~*~ (hiding).
  3909 | D:6      | 3909 ||| Stepping ~*~*~tactically~*~*~ (hiding).
  3911 | D:6      | 3911 ||| Stepping ~*~*~tactically~*~*~ (hiding).
  3922 | D:6      | 3922 ||| INVOKING Fiery Armour.
  4037 | D:6      | Found a sparkling altar of Nemelex Xobeh.
  4153 | D:6      | Noticed Maggie
  4165 | D:6      | Reached skill level 8 in Axes
  4173 | D:6      | Killed Maggie
  4174 | D:6      | Reached skill level 6 in Fighting
  4174 | D:6      | Reached XP level 9. HP: 43/56 MP: 10/10
  4184 | D:6      | 4184 ||| Stepping ~*~*~tactically~*~*~ (stealth).
  4187 | D:6      | Noticed Eustachio
  4188 | D:6      | 4188 ||| Stepping ~*~*~tactically~*~*~ (stealth).
  4192 | D:6      | 4192 ||| INVOKING Fiery Armour.
  4195 | D:6      | Killed Eustachio
  4623 | D:6      | 4623 ||| READING scroll labelled RITEMP ZIXAOCA.
  4724 | D:6      | 4724 ||| READING scroll labelled EMEEGE NI LURU.
  4725 | D:6      | 4725 ||| READING 2 scrolls labelled DIENAO FOIN.
  4726 | D:6      | 4726 ||| READING 2 scrolls of identify.
  4726 | D:6      | 4726 ||| IDENTIFYING sedimented cyan potion
  4727 | D:6      | 4727 ||| DROPPING scroll of fog.
  4728 | D:6      | 4728 ||| DROPPING potion of degeneration.
  4830 | D:7      | Found a burning altar of Makhleb.
  4903 | D:7      | Reached skill level 9 in Axes
  5016 | D:7      | Found a flagged portal.
  5073 | D:7      | Found a shimmering blue altar of Sif Muna.
  5203 | D:7      | 5203 ||| Stepping ~*~*~tactically~*~*~ (hiding).
  5233 | D:7      | 5233 ||| INVOKING Fiery Armour.
  5620 | D:7      | 5620 ||| UPGRADING to +0 plate armour.
  5630 | D:7      | 5630 ||| DROPPING +0 chain mail.
  5631 | D:7      | 5631 ||| READING scroll labelled GARISO NOTEDYA.
  5632 | D:7      | 5632 ||| READING 3 scrolls labelled VOUHITZALICVE.
  5633 | D:7      | 5633 ||| READING 2 scrolls of identify.
  5633 | D:7      | 5633 ||| IDENTIFYING amethyst potion
  5634 | D:7      | 5634 ||| DROPPING potion of ambrosia.
  5635 | D:7      | 5635 ||| DROPPING 2 scrolls of vulnerability.
  5655 | D:8      | 5655 ||| INVOKING Fiery Armour.
  5656 | D:8      | 5656 ||| STAIRDANCE
  5671 | D:8      | 5671 ||| STAIRDANCE
  5708 | D:8      | Noticed a tengu warrior
  5710 | D:8      | Noticed a troll
  5713 | D:8      | Noticed a troll
  5726 | D:8      | Noticed a boulder beetle
  5735 | D:8      | Reached skill level 6 in Armour
  5759 | D:8      | Found a hazy altar of Hepliaklqana.
  5815 | D:8      | Found a transporter.
  5888 | D:8      | Noticed a troll
  5902 | D:8      | Killed a troll
  5903 | D:8      | Reached XP level 10. HP: 59/63 MP: 11/11
  5920 | D:8      | 5920 ||| Stepping ~*~*~tactically~*~*~ (hiding).
  5928 | D:8      | 5928 ||| DRINKING potion of curing.
  5928 | D:8      | 5928 ||| (to cure confusion)
  5946 | D:8      | Found a sacrificial altar of Ru.
  5979 | D:8      | 5979 ||| Stepping ~*~*~tactically~*~*~ (stealth).
  5983 | D:8      | 5983 ||| Stepping ~*~*~tactically~*~*~ (hiding).
  5997 | D:8      | 5997 ||| Stepping ~*~*~tactically~*~*~ (stealth).
  5998 | D:8      | 5998 ||| Stepping ~*~*~tactically~*~*~ (stealth).
  6013 | D:8      | 6013 ||| INVOKING Fiery Armour.
  6022 | D:8      | Reached skill level 10 in Axes
  6080 | D:8      | Found a transporter.
  6176 | D:8      | 6176 ||| READING scroll of teleportation.
  6266 | D:9      | Noticed Pikel
  6269 | D:9      | 6269 ||| INVOKING Fiery Armour.
  6276 | D:9      | Killed Pikel
  6320 | D:9      | 6320 ||| SWAPPING to +0 war axe.
  6321 | D:9      | 6321 ||| DROPPING +3 heavy hand axe.
  6336 | D:9      | Noticed Maurice
  6356 | D:9      | Killed Maurice
  6462 | D:9      | Found a staircase to the Lair.
  6488 | D:9      | 6488 ||| INVOKING Fiery Armour.
  6522 | D:9      | 6522 ||| Stepping ~*~*~tactically~*~*~ (stealth).
  6591 | D:9      | 6591 ||| Stepping ~*~*~tactically~*~*~ (hiding).
  6593 | D:9      | 6593 ||| Stepping ~*~*~tactically~*~*~ (hiding).
  6724 | D:9      | Reached skill level 11 in Axes
  6770 | D:9      | Found a runed translucent door.
  6770 | D:9      | Found a runed translucent door.
  6905 | D:9      | Reached XP level 11. HP: 69/69 MP: 12/12
  7244 | D:9      | 7244 ||| PLANNING LAIR
  7244 | D:9      | 7244 ||| DRINKING 2 bubbling silvery potions.
  7245 | D:9      | 7245 ||| DROPPING potion of brilliance.
  7301 | Lair:1   | Entered Level 1 of the Lair of Beasts
  7309 | Lair:1   | 7309 ||| INVOKING Fiery Armour.
  7310 | Lair:1   | 7310 ||| Stepping ~*~*~tactically~*~*~ (water).
  7315 | Lair:1   | 7315 ||| Stepping ~*~*~tactically~*~*~ (water).
  7322 | Lair:1   | HP: 15/69 [elephant (8)]
  7323 | Lair:1   | Reached skill level 9 in Fighting
  7323 | Lair:1   | 7323 ||| DRINKING potion of heal wounds.
  7327 | Lair:1   | HP: 14/71 [bullfrog (4)]
  7332 | Lair:1   | Reached skill level 9 in Armour
  7332 | Lair:1   | 7332 ||| Stepping ~*~*~tactically~*~*~ (water).
  7332 | Lair:1   | HP: 8/71 [elephant (6)]
  7333 | Lair:1   | Slain by an elephant

Levels and vault maps discovered:
D:1:      dpeg_arrival_rooms_with_view, layout_loops_cross, serial_bayou,
          serial_bayou_ford_a, serial_bayou_pond_c, serial_bayou_pond_e,
          serial_bayou_lagoon_a, st_stairs_11, nicolae_wormholes
D:2:      layout_loops_cross, chequers_ecumenical_altar_simple_redux,
          kennysheep_boxes, uniq_terence, uniq_robin
D:3:      layout_rooms, okawaru_ov_weapons_minmay, uniq_natasha
D:4:      layout_rooms, zin_angel, nzn_wu_jian_council_hall, serial_shops, shop
D:5:      layout_gridville, grunt_qazlal_clouds,
          minmay_temple_entry_glassed_door, minmay_shop_grid_forest,
          corner_web_ring, hellmonk_guarded_unrand_hermit
D:6:      layout_loops_cross, nemelex_spade_bored_becter, grunt_ministairs_1,
          uniq_crazy_yiuf_cottage, uniq_maggie, uniq_eustachio
D:7:      layout_cave_pods, mainiacjoe_overflow_chevrons,
          mainiacjoe_overflow_six_doors_small, enter_bailey_7
D:8:      gammafunk_the_bubble [the_bubble_gammafunk_crates], layout_rooms,
          nicolae_hepliaklqana_hazy_memory, nicolae_ru_awakened_eye,
          serial_bayou_pond_e, minmay_gold_behind_fungi, minmay_lizard_king
D:9:      minmay_the_grid_triangle_9x9_rhombus_full
          [minmay_the_grid_triangle_9x9_skeleton,
          minmay_the_grid_triangle_9x9_tough_junction,
          minmay_the_grid_triangle_9x9_minimal,
          minmay_the_grid_triangle_9x9_zippers_vertical,
          minmay_the_grid_triangle_9x9_shrine,
          minmay_the_grid_triangle_9x9_intruding_spiral,
          minmay_the_grid_triangle_9x9_limited_checkers,
          minmay_the_grid_triangle_9x9_prize_special], layout_cross,
          uniq_maurice, uniq_pikel
Lair:1:   layout_hall_layers, grunt_megastairs_5, serial_bayou_shore_b,
          infiniplex_staircase_pool_2

Skill      XL: |  1  2  3  4  5  6  7  8  9 10 11 |
---------------+----------------------------------+-----
Axes           | 3 4 5 6 8 9 11 | 11.0
Throwing       | 1 |  1.0
Shields        | 2 3 4 5 |  5.0
Armour         | 2 3 4 7 8 9 |  9.0
Fighting       | 4 6 7 8 9 |  9.2
Spellcasting   | |  1.0
Fire Magic     | |  3.0

Action                     |  1- 3 |  4- 6 |  7- 9 | 10-12 || total
---------------------------+-------+-------+-------+-------++-------
  Melee: Hand axe          |    97 |   147 |   231 |    55 ||   530
         Punch             |     1 |       |       |       ||     1
         War axe           |       |       |       |   109 ||   109
  Throw: Javelin           |    10 |     6 |       |       ||    16
         Boomerang         |       |       |       |    56 ||    56
 Invoke: Fiery Armour      |     1 |     2 |     5 |     4 ||    12
    Use: Scroll            |     5 |     3 |    10 |     1 ||    19
         Potion            |       |       |     5 |     3 ||     8
 Armour: Robe              |    14 |       |       |       ||    14
         Leather armour    |     8 |    24 |       |       ||    32
         Scale mail        |       |   129 |    39 |       ||   168
         Chain mail        |       |       |   133 |       ||   133
         Plate armour      |       |       |    35 |   249 ||   284
  Dodge: Dodged            |    43 |    95 |   110 |    93 ||   341
  Block: Buckler           |       |    25 |    44 |    46 ||   115

Table legend:
 A = Non-vault XP
 B = Vault XP
 C = Vault XP percentage of total XP
 D = Non-vault monster count
 E = Vault monster count
 F = Vault count percentage of total count
                 A         B        C        D         E       F
            +---------+---------+-------+---------+---------+-------
      Total |    7198 |    3715 |  34.0 |     197 |      48 |  19.6
            +---------+---------+-------+---------+---------+-------
        D:1 |      31 |      15 |  32.6 |      20 |       6 |  23.1
        D:2 |      95 |      77 |  44.8 |      26 |      14 |  35.0
        D:3 |     147 |      35 |  19.2 |      17 |       1 |   5.6
        D:4 |     426 |       0 |   0.0 |      20 |       0 |   0.0
        D:5 |     616 |      41 |   6.2 |      18 |       1 |   5.3
        D:6 |     714 |     693 |  49.3 |      21 |       4 |  16.0
        D:7 |     823 |      20 |   2.4 |      16 |       4 |  20.0
        D:8 |    1421 |     601 |  29.7 |      29 |      10 |  25.6
        D:9 |    1884 |    1744 |  48.1 |      27 |       7 |  20.6
     Lair:1 |    1041 |     489 |  32.0 |       3 |       1 |  25.0
            +---------+---------+-------+---------+---------+-------
